 Dungeon Crawl Stone Soup version 0.26.0-16-gc1dbca0489 (webtiles) character file.

Game seed: 3077738537715199621

41 kaeus the Sneak (level 3, -2/21 HPs)
             Began as an Octopode Hedge Wizard on Jan 21, 2021.
             Slain by Terence
             ... wielding a +2 vorpal flail
              (3 damage)
             ... on level 2 of the Dungeon.
             The game lasted 00:02:08 (1381 turns).

kaeus the Sneak (Octopode Hedge Wizard)             Turns: 1381, Time: 00:02:09

Health: -2/21      AC:  1    Str:  9    XL:     3   Next: 52%
Magic:  6/7        EV: 13    Int: 17    God:
Gold:   93         SH:  0    Dex: 11    Spells: 7/8 levels left

rFire    . . .     SeeInvis .   a - +0 dagger
rCold    . . .     Faith    .   (no shield)
rNeg     . . .     Spirit   .   b - +0 hat
rPois    .         Reflect  .   (no amulet)
rElec    .         Harm     .   (no ring)
rCorr    .         Rampage  .   (no ring)
Will     .....                  (no ring)
Stlth    +++.......             (no ring)
HPRegen  0.07/turn              (no ring)
MPRegen  0.10/turn              (no ring)
                                (no ring)
                                (no ring)

@: no status effects
A: almost no armour, stealthy swim, amphibious, 8 rings, constrict 8, camouflage
1, gelatinous body 1
a: no special abilities


You were on level 2 of the Dungeon.
You visited 1 branch of the dungeon, and saw 2 of its levels.

You collected 93 gold pieces.

Inventory:

Hand Weapons
 a - a +0 dagger (weapon)
Armour
 b - a +0 hat (worn)
Jewellery
 c - an uncursed amulet of faith
Scrolls
 d - a scroll of identify {unknown}
 e - a scroll of fog {unknown}
 g - 2 scrolls of teleportation {unknown}
 h - a scroll of immolation {unknown}
 i - a scroll of remove curse {unknown}
Potions
 f - a potion of curing {unknown}


   Skills:
 + Level 2.3 Dodging
 + Level 3.2 Stealth
 + Level 3.1 Spellcasting
 - Level 2.0 Conjurations
 + Level 1.4 Summonings
 + Level 1.4 Translocations


You had 7 spell levels left.
You knew the following spells:

 Your Spells              Type           Power        Failure   Level
a - Magic Dart            Conj           36%          8%          1

Your spell library contained the following spells:

 Spells                   Type           Power        Failure   Level
 Blink                    Tloc           N/A          14%         2
 Call Imp                 Summ           7%           14%         2
 Slow                     Hex            2%           26%         2
 Conjure Flame            Conj/Fire      6%           34%         3
 Mephitic Cloud           Conj/Pois/Air  4%           36%         3


Dungeon Overview and Level Annotations

Branches:
Dungeon (2/15)

Altars:

Annotations:
D:2 Terence


Innate Abilities, Weirdness & Mutations

You cannot wear most types of armour.
You are very stealthy in the water. (Stealth+)
You are amphibious.
You can wear up to eight rings at the same time.
You can use your tentacles to constrict eight enemies at once.
Your skin changes colour to match your surroundings (Stealth+).
Your rubbery body absorbs attacks. (AC +1, EV +1)


Message History

Terence is lightly wounded.
You constrict Terence, but do no damage.
Terence hits you with a +2 vorpal flail.
You take 5 damage, and have 12/21 hp.
MASSIVE DAMAGE!!
You hit Terence but do no damage.
Terence is lightly wounded.
You constrict Terence. Terence closely misses you.
You hit Terence but do no damage.
Terence is lightly wounded.
You constrict Terence. Terence closely misses you.
You hit Terence but do no damage.
Terence is moderately wounded.
You constrict Terence, but do no damage.
Terence hits you with a +2 vorpal flail!
* * * LOW HITPOINT WARNING * * *
x2 You take 11 damage, and have 1/21 hp.
MASSIVE DAMAGE!!
You release your grip on Terence.
There is a stone staircase leading up here.
Terence hits you with a +2 vorpal flail.
You die...

#..... #.....
#..... ##.)...
.... ###......
.... #........
....§
#####.###....
.....
######.....#
##... ...§§.
##@.....#####
####
...§§§###@.######
..<(.§§#r.##
.........##
######.### ...
..##. #. #. #. #.


You could see Terence and a rat.

Vanquished Creatures
  An ooze (D:2)
  An adder zombie (D:2)
  A dart slug (D:1)
  A leopard gecko (D:1)
  2 bats (D:1)
  4 giant cockroaches
  3 goblins
  A hobgoblin (D:1)
  A quokka (D:2)
  2 frilled lizards
  6 kobolds
  5 rats
28 creatures vanquished.

Notes
Turn   | Place    | Note
-------+----------+-------------------------------------------
     0 | D:1      | kaeus the Octopode Hedge Wizard began the quest for the
                  | Orb.
     0 | D:1      | Reached XP level 1. HP: 11/11 MP: 4/4
   208 | D:1      | Reached XP level 2. HP: 17/17 MP: 0/6
   977 | D:2      | Reached XP level 3. HP: 21/21 MP: 3/7
  1370 | D:2      | Noticed Terence
  1377 | D:2      | HP: 1/21 [Terence/+2 vorpal flail (3)]
  1381 | D:2      | Slain by Terence

Illustrated notes

Levels and vault maps discovered:
D:1:      wheals_arrival_linesprint, layout_rooms, serial_bayou_pond_e
D:2:      cheibrodos_helix_gallery, layout_rooms, serial_undead,
          serial_undead_e, serial_undead_a, serial_undead_e, serial_undead_a,
          uniq_jessica, uniq_terence

Skill      XL: |  1  2  3 |
---------------+----------+-----
Stealth        | 3 |  3.2
Conjurations   | 2 |  2.0
Dodging        | |  2.3
Spellcasting   | |  3.1
Summonings     | |  1.4
Translocations | |  1.4

Action                   || total
-------------------------++-------
Melee: Dagger            ||    46
       Constrict         ||    10
       Tentacles         ||     3
 Cast: Magic Dart        ||    61
Armor: Skin              ||     5
Dodge: Dodged            ||    22
